AoeStats
← El que te Lo Mete

Coastal Forest

510325598Analyzed
2v2 RM · 14h ago on Sep 30, 2026· 62m 45s· 4 players
Game mode
Random Map
Map size
Medium (4 player)
Population
200
Speed
Normal
Resources
Standard
Victory
Conquest
Starting age
Dark Age
Ending age
Imperial Age
RankedLock teamsTeams togetherTeam positionsShared explorationLock speedFull tech treeHidden civsTurbo modeCheats
Victory
Defeat
🇺🇸 Danes · United States
755
+17
🇺🇸 Inca · United States
727
+18
🇧🇷 Burgundians · Brazil
783
-18
🇮🇹 Varangians · Italy
763
-17
El que te Lo Mete
0:48 Loom
11:57 Feudal Age
13:13 Wheelbarrow
18:20 Castle Age
16:08 Double-Bit Axe
16:08 Horse Collar
16:49 Scale Mail Armor
17:00 Forging
17:04 Gold Mining
19:16 Heavy Plow
21:03 Iron Casting
21:14 Bow Saw
27:52 Chain Mail Armor
27:29 Fletching
27:10 Champi Runner
29:08 Padded Archer Armor
28:59 Fletching
29:32 Ballistics
32:00 Imperial Age
29:00 Champi Warrior
29:42 Squires
30:45 Leather Archer Armor
30:56 Bodkin Arrow
34:59 Plate Mail Armor
35:32 Crop Rotation
36:24 Gold Shaft Mining
36:54 Conscription
37:30 Hand Cart
38:25 Andean Sling
38:30 Bracer
39:38 Chemistry
39:33 Ring Archer Armor
39:28 Elite Champi Warrior
43:53 Coinage
43:35 Guilds
43:22 Capped Ram
45:43 Blast Furnace
45:08 Siege Engineers
46:39 Fabric Shields
46:57 Siege Ram
60:15 Arson
Raidho
0:29 Loom
14:49 Feudal Age
16:13 Double-Bit Axe
17:53 Arson
17:29 Man-at-Arms
18:11 Stone Mining
18:12 Gold Mining
19:14 Horse Collar
19:47 Scale Mail Armor
20:35 Town Watch
26:02 Wheelbarrow
30:00 Fletching
30:21 Forging
32:42 Castle Age
33:17 Bodkin Arrow
37:59 Squires
41:17 Hand Cart
43:03 Heavy Plow
46:15 Ballistics
47:31 Murder Holes
47:46 Masonry
49:43 Iron Casting
49:24 Chain Mail Armor
50:13 Gold Shaft Mining
50:16 Stone Shaft Mining
49:27 Hamask
55:09 Caravan
63:40 Imperial Age
61:10 Town Patrol
Peppe_04
11:48 Feudal Age
12:22 Double-Bit Axe
13:23 Horse Collar
24:33 Castle Age
27:06 Forging
26:56 Scale Mail Armor
29:58 Wheelbarrow
34:39 Iron Casting
34:19 Chain Mail Armor
36:25 Heavy Plow
35:53 Light Cavalry
36:34 Husbandry
36:45 Bloodlines
38:50 Squires
38:37 Arson
41:25 Imperial Age
40:48 Hand Cart
40:18 Town Watch
40:19 Loom
40:50 Bow Saw
44:03 Crop Rotation
43:21 Elite Jarl
44:43 Medium Warships
47:25 Hussar
47:36 Vendel Legacy
48:38 Conscription
49:41 Blast Furnace
48:49 Scale Barding Armor
54:09 Chain Barding Armor
Robert
11:42 Feudal Age
9:59 Double-Bit Axe
14:50 Loom
15:30 Fletching
17:51 Padded Archer Armor
19:05 Bow Saw
22:41 Gold Mining
30:14 Castle Age
28:56 Fishing Lines
30:55 Bodkin Arrow
31:16 Leather Archer Armor
30:24 Crossbowman
35:55 Ballistics
36:27 Gillnets
41:04 Imperial Age
41:04 Forging
40:59 Scale Barding Armor
41:09 Cavalier
41:52 Husbandry
42:58 Chemistry
42:14 Bracer
42:49 Iron Casting
47:23 Gold Shaft Mining
47:41 Conscription
47:31 Elite Skirmisher
54:53 Chain Barding Armor
57:25 Two-Man Saw
Connection lost

Rejoining the realm…

Still unreachable

The connection could not be restored.

Session expired

The server has moved on; the page needs a fresh start.